[Event "Tuesday 30 January Rapid Engine Tour 12+1 Rounds 9 Starts 1600 ST"]
[Site "Infinity Chess"]
[Date "2018.1.30"]
[Round "4"]
[White "IronMan"]
[Black "Dinkelberger"]
[Result "1/2-1/2"]
[ECO "A45"]
[WhiteElo "2411"]
[BlackElo "2387"]
[WhiteEngine "Eman 1.68c 64-bit BMI2"]
[BlackEngine "stockfish_18012814_x64_modern_CTG"]
[EventType "Swiss"]
[WhiteTeam ""]
[BlackTeam ""]
[PlyCount "351"]
[TimeControl "720+1"]

1. d4 Nf6 2. Nd2 d5 3. e3 c5 4. Ngf3 cxd4 5. exd4 Nc6 6. Bb5 Bf5 7. Ne5 Qb6 
8. a4 a6 9. Bxc6+ bxc6 10. Nb3 h6 11. O-O e6 12. Bf4 Ra7 13. Nc5 Ra8 14. a5 Qb5 
15. b4 Be7 16. f3 O-O 17. Rb1 Bd6 18. Re1 Nh5 19. Be3 Nf6 20. g4 Bh7 21. Bf4 Ra7 
22. Qd2 Rc8 23. h4 Ne8 24. g5 Bxe5 25. Bxe5 h5 26. Rb2 Bf5 27. c3 Rd8 
28. Qh2 Qc4 29. Rc1 Qb5 30. Re1 Bg6 31. Rbe2 Qc4 32. Rc1 Bf5 33. Re3 Qb5 
34. Rce1 Qc4 35. Bf4 Kh8 36. Qe2 Qb5 37. Qg2 Bg6 38. Qg3 Raa8 39. R1e2 Qc4 
40. Kg2 Ra7 41. Kg1 Kg8 42. Be5 Kh7 43. Bf4 Kg8 44. Kh2 Kh7 45. Be5 Qb5 
46. Ra2 Kg8 47. Rae2 Qc4 48. Kg1 Raa8 49. Rh2 Ra7 50. Qf4 Kh8 51. Rg2 Kh7 
52. Rf2 Kg8 53. Rfe2 Kh7 54. Qh2 Kg8 55. Qf4 Kh7 56. Qg3 Qb5 57. Kg2 Rc8 
58. Kg1 Kg8 59. Rg2 Qc4 60. Rge2 Rd8 61. Rg2 Qb5 62. Rge2 Qc4 63. Rh2 Rc8 
64. Qf4 Rd8 65. Rb2 Rc8 66. Rf2 Re7 67. Qg3 Qb5 68. Rg2 Ra8 69. Kh2 Rc8 
70. Nb3 Qb7 71. Ra2 Qa7 72. Nc1 Nc7 73. Bxc7 Rcxc7 74. Ne2 Bf5 75. Rd2 Rc8 
76. Nf4 g6 77. Ne2 Ree8 78. Nc1 Rf8 79. Nb3 Rfd8 80. Nc5 Rb8 81. Kg1 Kg7 
82. Ree2 Kh7 83. Qe5 Ra8 84. Ra2 Kg8 85. Rh2 Rac8 86. Rab2 Ra8 87. Ra2 Qe7 
88. Kg2 Kh7 89. Kf2 Bb1 90. Rd2 Rg8 91. Ke3 Bf5 92. Rhe2 Rgf8 93. Kf2 Rg8 
94. Kg1 Rgc8 95. Kf2 Rd8 96. Kg1 Rg8 97. Rh2 Rge8 98. Rhg2 Qd8 99. Rge2 Ra7 
100. Re1 Qc8 101. Rg2 Rg8 102. Qd6 Rd8 103. Qg3 Kg7 104. Qh2 Kh8 105. Qf4 Kh7 
106. Kh2 Ra8 107. Rgg1 Rg8 108. Qg3 Qd8 109. Qe5 Qe7 110. Rg2 Ra7 111. Kg3 Re8 
112. Rc1 Qf8 113. Re1 Rea8 114. Rd1 Qe8 115. Rc1 Qf8 116. Rh2 Rd8 117. Re2 Rb8 
118. Kh2 Rba8 119. Rf2 Qe7 120. Kg1 Re8 121. Rg2 Qf8 122. Re2 Qe7 123. Rce1 Rea8 
124. Rh2 Qf8 125. Rhe2 Qe7 126. f4 Rg8 127. Rb2 Re8 128. Rbe2 Rg8 129. Kh2 Qd8 
130. Rd2 Qe7 131. Rg1 Qf8 132. Rgg2 Qd8 133. Rdf2 Ra8 134. Rf1 Re8 135. Rfg1 Rg8 
136. Re1 Qe7 137. Kg1 Qd8 138. Kh2 Qe7 139. Rg3 Ra7 140. Re2 Qe8 141. Qd6 Qc8 
142. Re1 Rc7 143. Rge3 Re8 144. Qe5 Rce7 145. Rg1 Ra7 146. Rf1 Ra8 147. Qf6 Qc7 
148. Rf2 Reb8 149. Qe5 Qc8 150. Rg3 Ra7 151. Rf1 Raa8 152. Rfg1 Qd8 153. Re1 Qc8 
154. Ree3 Qd8 155. Rg1 Qc8 156. Rge1 Kg8 157. Qf6 Ra7 158. Rg3 Qc7 159. Qe5 Qc8 
160. Re2 Kh7 161. Kg1 Rba8 162. Kh2 Re7 163. Rgg2 Qd8 164. Kg1 Raa7 165. Re1 Qe8 
166. Rh2 Kg8 167. Qd6 Qc8 168. Rf2 Re8 169. Na4 Rd7 170. Qe5 Rb7 171. Nb6 Qd8 
172. Na4 Rb5 173. Nb2 Kh7 174. Qf6 Qc7 175. Na4 Qb7 176. Nc5 1/2-1/2

[Event "Tuesday 30 January Rapid Engine Tour 12+1 Rounds 9 Starts 1600 ST"]
[Site "Infinity Chess"]
[Date "2018.1.30"]
[Round "4"]
[White "KULLANI"]
[Black "angriff"]
[Result "1/2-1/2"]
[ECO "B00"]
[WhiteElo "2426"]
[BlackElo "2426"]
[WhiteEngine "BrainFish_180124_x64_CTG"]
[BlackEngine "Stockfish SL FA POPCNT_CTG"]
[EventType "Swiss"]
[WhiteTeam ""]
[BlackTeam ""]
[PlyCount "171"]
[TimeControl "720+1"]

1. e4 Nc6 2. Nf3 e5 3. Bc4 Nf6 4. d3 Bc5 5. c3 a5 6. Bg5 h6 7. Bh4 d6 8. a4 g5 
9. Bg3 Be6 10. Nbd2 Nh5 11. Bxe6 fxe6 12. Nb3 Ba7 13. Nfd2 Nf4 14. Bxf4 gxf4 
15. Qh5+ Kd7 16. Qf7+ Ne7 17. g3 h5 18. Nc4 h4 19. g4 Rf8 20. Qh5 Nc6 
21. Nbd2 Qe7 22. g5 Rh8 23. Qg4 h3 24. Rf1 Rag8 25. Nf3 Kc8 26. O-O-O Kb8 
27. Rd2 Rf8 28. Kb1 Rfg8 29. Rc1 Qe8 30. Rg1 Rg6 31. b3 Qf7 32. d4 exd4 
33. cxd4 Rg7 34. Rgd1 Qg6 35. Re1 Rgg8 36. Kb2 Rd8 37. e5 d5 38. Na3 Nb4 
39. Red1 c5 40. dxc5 Bxc5 41. Nb5 Rc8 42. Nfd4 Rhg8 43. Qxh3 Qxg5 44. Qxe6 Rge8 
45. h4 Qxh4 46. Qf5 Rf8 47. Qg6 Qh8 48. Re1 Qh3 49. Red1 Qh8 50. Re1 f3 
51. Qg5 Rfe8 52. e6 Nc6 53. Rdd1 Nxd4 54. Qf4+ Ka8 55. Nxd4 Rf8 56. Qe5 Qh7 
57. Rh1 Qe4 58. Qxe4 dxe4 59. Nb5 Rf5 60. Nd6 Bxd6 61. Rxd6 Re5 62. Re1 Re8 
63. Kc3 e3 64. fxe3 f2 65. Rf1 Rxe3+ 66. Kc2 Re2+ 67. Kd3 Rb2 68. Ke3 Kb8 
69. Rxf2 Rxf2 70. Kxf2 Kc7 71. Rd5 b6 72. Ke3 Rxe6+ 73. Kd3 Rf6 74. Ke4 Rd6 
75. Re5 Rc6 76. Re7+ Kd6 77. Re5 Rc3 78. Rb5 Kc6 79. Kd4 Rf3 80. Kc4 Rf1 
81. Kd3 Kc7 82. b4 axb4 83. Rxb4 Rf3+ 84. Kc2 Rf2+ 85. Kc3 Re2 86. Rc4+ 1/2-1/2

[Event "Tuesday 30 January Rapid Engine Tour 12+1 Rounds 9 Starts 1600 ST"]
[Site "Infinity Chess"]
[Date "2018.1.30"]
[Round "4"]
[White "BraveDevil"]
[Black "RonWeasley"]
[Result "1/2-1/2 "]
[ECO "C00"]
[WhiteElo "2428"]
[BlackElo "2451"]
[WhiteEngine "Cryptic AIL V2"]
[BlackEngine "BrainFish 060118_CTG"]
[EventType "Swiss"]
[WhiteTeam ""]
[BlackTeam ""]
[PlyCount "192"]
[TimeControl "720+1"]

1. e4 e6 2. Nc3 d5 3. d4 Nf6 4. e5 Nfd7 5. f4 c5 6. Nf3 Nc6 7. Be3 cxd4 
8. Nxd4 Qb6 9. Qd2 Qxb2 10. Rb1 Qa3 11. Bb5 Nxd4 12. Bxd4 a6 13. Bxd7+ Bxd7 
14. Rb3 Qe7 15. Rxb7 Rc8 16. O-O Qd8 17. f5 exf5 18. Qd3 Bc5 19. Bxc5 Rxc5 
20. Nxd5 Bc8 21. Re7+ Kf8 22. Qa3 Qa5 23. Qxa5 Rxa5 24. Rc7 Be6 25. Nf4 Rxe5 
26. Nxe6+ Rxe6 27. Rxf5 Re7 28. Rc8+ Re8 29. Rfc5 Ke7 30. R8c6 g6 31. Rxa6 Rc8 
32. Re5+ Kf8 33. Re2 Kg7 34. Kf2 Rhd8 35. Ke1 Rb8 36. a4 Rb1+ 37. Kf2 Rc8 
38. a5 Rc3 39. Rb6 Ra1 40. a6 Ra2 41. Ke1 Rca3 42. c4 Rxa6 43. Rxa6 Rxa6 
44. Kd2 Ra3 45. Re3 Ra2+ 46. Kd3 Rxg2 47. c5 Rxh2 48. c6 Rh1 49. Kc4 Rc1+ 
50. Rc3 Ra1 51. c7 Ra8 52. Kb5 Rc8 53. Kb6 h5 54. Kb7 Rf8 55. Kb6 Rg8 
56. c8=R Rxc8 57. Rxc8 Kf6 58. Rc5 h4 59. Kb5 g5 60. Kc4 h3 61. Kd3 Kg6 
62. Rc6+ Kg7 63. Ke4 g4 64. Kf4 f5 65. Kg3 Kf7 66. Rc5 Kf6 67. Rc4 Kg6 
68. Rc6+ Kg7 69. Rc1 Kf6 70. Kf4 Kg6 71. Ra1 Kf6 72. Ra6+ Kg7 73. Ra8 Kf7 
74. Kg3 Kg7 75. Ra5 Kg6 76. Ra6+ Kf7 77. Rb6 Kg7 78. Rb1 Kf7 79. Ra1 Kg7 
80. Rb1 Kh6 81. Rd1 Kg6 82. Ra1 Kh6 83. Rd1 Kg6 84. Ra1 Kf6 85. Ra5 Kg6 
86. Ra6+ Kg7 87. Ra8 Kf7 88. Rc8 Kg7 89. Re8 Kf7 90. Rb8 Kg7 91. Rd8 Kf7 
92. Rd6 Kg7 93. Ra6 Kf7 94. Ra1 Kg6 95. Ra2 Kf6 96. Rc2 Kg7 1/2-1/2

[Event "Tuesday 30 January Rapid Engine Tour 12+1 Rounds 9 Starts 1600 ST"]
[Site "Infinity Chess"]
[Date "2018.1.30"]
[Round "4"]
[White "hafaba"]
[Black "KhalidOmar"]
[Result "1/2-1/2"]
[ECO "D30"]
[WhiteElo "2451"]
[BlackElo "2443"]
[WhiteEngine "SF SL FA 26012018 POPCNT_CTG"]
[BlackEngine "Eman 1.68c 64-bit BMI2"]
[EventType "Swiss"]
[WhiteTeam ""]
[BlackTeam ""]
[PlyCount "122"]
[TimeControl "720+1"]

1. d4 d5 2. c4 e6 3. Nf3 Be7 4. Nc3 a6 5. cxd5 exd5 6. Bf4 Nf6 7. e3 O-O 
8. h3 Bf5 9. Rc1 c6 10. Qb3 Ra7 11. g4 Bg6 12. Ne5 Nbd7 13. Nxg6 hxg6 
14. Be2 Nh7 15. Kf1 a5 16. Kg2 Bh4 17. Bd6 Re8 18. Bg3 Qf6 19. Qd1 Raa8 
20. Bd3 Bxg3 21. Kxg3 Ng5 22. h4 Ne4+ 23. Nxe4 dxe4 24. Be2 Nb6 25. Rh2 a4 
26. a3 Qd6+ 27. Kh3 Qe6 28. Rg2 Red8 29. Qd2 Rd7 30. Qe1 Rc7 31. Qd2 Nd5 
32. Kh2 Qd6+ 33. Kh1 f5 34. gxf5 gxf5 35. Bc4 f4 36. Bxd5+ cxd5 37. Rxc7 Qxc7 
38. exf4 Rf8 39. Rg4 Qd7 40. Qd1 Rf6 41. Qg1 Rb6 42. f5 Rxb2 43. f6 Rb1 
44. Qxb1 Qxg4 45. f7+ Kxf7 46. Qxb7+ Kg6 47. Qc6+ Kh7 48. Qxd5 Qxh4+ 49. Kg1 Kh6 
50. Qe6+ g6 51. Qf7 Qg4+ 52. Kf1 Qf3 53. Qe7 Qd1+ 54. Kg2 Qxd4 55. Qh4+ Kg7 
56. Qe7+ Kh6 57. Qh4+ Kg7 58. Qe7+ Kh8 59. Qe6 e3 60. Qxe3 Qxe3 61. fxe3 Kg7 
1/2-1/2

[Event "Tuesday 30 January Rapid Engine Tour 12+1 Rounds 9 Starts 1600 ST"]
[Site "Infinity Chess"]
[Date "2018.1.30"]
[Round "4"]
[White "Katzenmaier"]
[Black "Eman"]
[Result "1/2-1/2"]
[ECO "A13"]
[WhiteElo "2472"]
[BlackElo "2475"]
[WhiteEngine "SugaR XPrO x64 POPCNT"]
[BlackEngine "Eman 1.68c 64-bit POPCNT"]
[EventType "Swiss"]
[WhiteTeam ""]
[BlackTeam ""]
[PlyCount "113"]
[TimeControl "720+1"]

1. c4 e6 2. g3 d5 3. Bg2 d4 4. Nf3 c5 5. e3 Nc6 6. O-O Nf6 7. d3 Bd6 
8. exd4 cxd4 9. Bg5 h6 10. Bxf6 Qxf6 11. a3 a5 12. Nbd2 Qe7 13. Ne4 Bc7 
14. b4 axb4 15. axb4 Rxa1 16. Qxa1 f5 17. Nc5 O-O 18. Rb1 Nxb4 19. Rxb4 Qxc5 
20. Rb5 Qd6 21. Qxd4 Rd8 22. Qxd6 Rxd6 23. Ne1 b6 24. Rb2 Bd7 25. Kf1 Be8 
26. Ke2 Rd8 27. Ra2 b5 28. c5 b4 29. c6 Rb8 30. d4 b3 31. Rb2 e5 32. Bd5+ Kh8 
33. Kd3 Bd6 34. Ng2 Rb4 35. Ne3 Rxd4+ 36. Kc3 g5 37. Bc4 Bxc6 38. Nxf5 Bc5 
39. Nxd4 Bxd4+ 40. Kxb3 Bxb2 41. Kxb2 Kg7 42. Ka3 Kg6 43. Kb4 Kf5 44. Kc5 Bf3 
45. h3 Bg2 46. Bb5 Kg6 47. Bd7 Kf6 48. Kd6 Bf3 49. Bg4 Bb7 50. f3 Ba8 
51. Bh5 Bb7 52. Bg4 e4 53. fxe4 Bxe4 54. Bd7 Bf5 55. Bxf5 Kxf5 56. Kd5 g4 57. h4 
1/2-1/2

[Event "Tuesday 30 January Rapid Engine Tour 12+1 Rounds 9 Starts 1600 ST"]
[Site "Infinity Chess"]
[Date "2018.1.30"]
[Round "4"]
[White "Neoxium"]
[Black "KRAKEN"]
[Result "1/2-1/2"]
[ECO "D30"]
[WhiteElo "2487"]
[BlackElo "2483"]
[WhiteEngine "Stockfish SL FA PB BMI2"]
[BlackEngine "Raubfisch ME262_GTZ16c_CTG"]
[EventType "Swiss"]
[WhiteTeam ""]
[BlackTeam ""]
[PlyCount "88"]
[TimeControl "720+1"]

1. d4 d5 2. c4 e6 3. Nf3 Nf6 4. Nc3 c6 5. Bg5 h6 6. Bxf6 Qxf6 7. e3 Nd7 
8. Bd3 dxc4 9. Bxc4 Bd6 10. Ne4 Qe7 11. O-O O-O 12. Nxd6 Qxd6 13. Qe2 b6 
14. Rfd1 Rd8 15. Rac1 Qe7 16. h3 c5 17. Bb5 Bb7 18. b4 cxb4 19. Rc7 a6 
20. Rxb7 axb5 21. d5 e5 22. Rc7 Ra5 23. Qc2 Qd6 24. Rc6 Qe7 25. Rc7 Qd6 
26. Rc6 Qe7 27. Rd2 Raa8 28. Qb1 Ra4 29. Qf5 g6 30. Qc2 Kg7 31. Rc7 Qf6 
32. Qc6 e4 33. Qxf6+ Kxf6 34. Nd4 Ne5 35. Nc6 Rd7 36. d6 Nc4 37. Rxd7 Nxd2 
38. Rb7 Rxa2 39. d7 Ra1+ 40. Kh2 Nf1+ 41. Kg1 Nd2+ 42. Kh2 Nf1+ 43. Kg1 Ng3+ 
44. Kh2 Nf1+ 1/2-1/2

[Event "Tuesday 30 January Rapid Engine Tour 12+1 Rounds 9 Starts 1600 ST"]
[Site "Infinity Chess"]
[Date "2018.1.30"]
[Round "4"]
[White "Vimtiroba"]
[Black "MCDermont"]
[Result "1/2-1/2"]
[ECO "C02"]
[WhiteElo "2461"]
[BlackElo "2497"]
[WhiteEngine "Corchess 2.0a_CTG"]
[BlackEngine "BrainFish 060118_CTG"]
[EventType "Swiss"]
[WhiteTeam ""]
[BlackTeam ""]
[PlyCount "155"]
[TimeControl "720+1"]

1. e4 e6 2. d4 d5 3. e5 c5 4. c3 Nc6 5. Nf3 Qb6 6. a3 c4 7. Nbd2 Na5 8. Be2 Bd7 
9. Rb1 Ne7 10. O-O h6 11. Re1 Nf5 12. Qc2 Be7 13. h3 Qc7 14. Bd1 g5 15. g4 Ng7 
16. b4 cxb3 17. Nxb3 Nc4 18. Qa2 Ba4 19. Qe2 Rc8 20. Bc2 b5 21. Bd3 a6 
22. Nc5 Bxc5 23. dxc5 Qxc5 24. Nd4 Rc7 25. Rb4 Qe7 26. Rf1 Nb6 27. Rb1 h5 
28. Nf3 hxg4 29. hxg4 Kd7 30. Rb4 Qf8 31. Bxg5 Kc8 32. Rc1 Ne8 33. Kg2 Nc4 
34. Nd4 Rg8 35. f4 Qc5 36. Bxc4 dxc4 37. Qf3 Rd7 38. Qa8+ Kc7 39. Qxa6 Qd5+ 
40. Nf3 Qe4 41. Qa7+ Kc8 42. Qa6+ Kc7 43. Re1 Qb7 44. Rxa4 bxa4 45. Qxc4+ Qc6 
46. Re4 Qxc4 47. Rxc4+ Kb7 48. Nd4 Nc7 49. Rb4+ Ka6 50. Rxa4+ Kb7 51. Kf3 Rh8 
52. Rb4+ Ka6 53. Ra4+ Kb7 54. Rb4+ Ka6 55. Rc4 Nd5 56. Ra4+ Kb7 57. f5 Rh3+ 
58. Kg2 Rxc3 59. fxe6 fxe6 60. Nxe6 Nb6 61. Rd4 Rxd4 62. Nxd4 Nd5 63. Ne2 Rxa3 
64. e6 Nc7 65. e7 Kc6 66. Bf6 Kd7 67. Nf4 Ra4 68. Kf3 Ne8 69. g5 Rb4 70. Nd3 Rb3 
71. Ke2 Rb5 72. Ne5+ Ke6 73. Kd2 Rd5+ 74. Kc3 Rxe5 75. Bxe5 Kxe5 76. Kc4 Ke6 
77. Kc5 Kd7 78. Kd5 1/2-1/2

[Event "Tuesday 30 January Rapid Engine Tour 12+1 Rounds 9 Starts 1600 ST"]
[Site "Infinity Chess"]
[Date "2018.1.30"]
[Round "4"]
[White "SkyPilot"]
[Black "Ryzen"]
[Result "1-0"]
[ECO "D00"]
[WhiteElo "2492"]
[BlackElo "2407"]
[WhiteEngine "stockfish_x64_bmi2_2018_01_23_CTG"]
[BlackEngine "Houdini 6"]
[EventType "Swiss"]
[WhiteTeam ""]
[BlackTeam ""]
[PlyCount "279"]
[TimeControl "720+1"]

1. d4 d5 2. Bf4 Nf6 3. e3 c5 4. Nd2 cxd4 5. exd4 Qb6 6. Ngf3 Bf5 7. a4 Nbd7 
8. Nb3 e6 9. a5 Qc6 10. c3 Bd6 11. Bxd6 Qxd6 12. Bd3 Bxd3 13. Qxd3 O-O 
14. O-O Qc7 15. Nc1 Ne4 16. Qc2 a6 17. Re1 Rac8 18. Nd3 Rfe8 19. Re2 Nd6 
20. g3 h6 21. Qa4 Ra8 22. Nfe5 Nxe5 23. Nxe5 Rac8 24. Qd7 Qb8 25. Kg2 Rf8 
26. Qa4 Qc7 27. Qd7 Qb8 28. Qa4 Qc7 29. Nd7 Rfd8 30. Nc5 Ra8 31. Ree1 Nc4 
32. Ra2 Qe7 33. h4 Qc7 34. b3 Nd6 35. b4 Qe7 36. Qd1 Rac8 37. Qf3 Re8 
38. Rae2 Qf6 39. Qe3 Nf5 40. Qf4 Re7 41. Rh1 Rec7 42. h5 Qd8 43. g4 Nd6 
44. Rc1 Rc6 45. f3 Qc7 46. Rec2 Qd8 47. Re2 Qe7 48. Rh1 Nc4 49. Qg3 Nd6 
50. Rc1 Qd8 51. Rce1 Kh8 52. Rc1 R8c7 53. Rce1 Rc8 54. Qe5 Nc4 55. Qf4 R8c7 
56. Rg1 Nd6 57. Kf2 Nb5 58. Qe3 Qh4+ 59. Kf1 Qh3+ 60. Ke1 Qh4+ 61. Kd2 Nd6 
62. Qf4 Rc8 63. Qg3 Qd8 64. Ke1 R6c7 65. Kf2 Rc6 66. Qf4 Qh4+ 67. Qg3 Qf6 
68. Kg2 Qg5 69. Rf1 Qd8 70. Ra1 Qe7 71. Qe5 Qh4 72. Rh1 Qd8 73. Qg3 Nb5 
74. Rc2 R8c7 75. Qh4 Qc8 76. Re1 Nd6 77. Kg1 Qg8 78. Rce2 Nb5 79. Rc1 Nd6 
80. Rg2 Qf8 81. Re1 Kg8 82. Re5 Nc4 83. Ree2 Qe7 84. Qxe7 Rxe7 85. Kf2 Rc8 
86. f4 Rce8 87. Ke1 Kh7 88. Kd1 Nd6 89. Kc2 f6 90. Re1 Kg8 91. g5 hxg5 
92. fxg5 f5 93. g6 Ne4 94. Rf1 Rf8 95. Kd3 Rf6 96. Rb2 Rf8 97. Re1 Rc8 
98. Rc2 Rc6 99. Ke3 e5 100. Kd3 Rc8 101. Rce2 exd4 102. Kxd4 Kf8 103. Rf1 Ng3 
104. Rxe7 Kxe7 105. Rf3 f4 106. Kxd5 Nxh5 107. Nxb7 Rf8 108. c4 Rb8 
109. Kc6 Rc8+ 110. Kb6 Rxc4 111. b5 axb5 112. Nc5 Rc1 113. a6 Ra1 114. a7 Rxa7 
115. Kxa7 Kf6 116. Nd3 Kf5 117. Kb6 Ke4 118. Rh3 Ng3 119. Nc5+ Kf5 120. Kxb5 Ke5 
121. Kc6 Ne2 122. Kd7 Kf6 123. Rf3 Kf5 124. Ne6 Ke4 125. Nxg7 Kxf3 126. Ne8 Nc1 
127. g7 Nd3 128. g8=Q Ne5+ 129. Ke7 Kf2 130. Nf6 Nc6+ 131. Kd6 Nd4 132. Ke5 Ne2 
133. Ne4+ Kf3 134. Qd8 Nc1 135. Qd2 Ne2 136. Qd3+ Kg2 137. Qxe2+ Kg1 
138. Kxf4 Kh1 139. Kg3 Kg1 140. Qe1# 1-0

[Event "Tuesday 30 January Rapid Engine Tour 12+1 Rounds 9 Starts 1600 ST"]
[Site "Infinity Chess"]
[Date "2018.1.30"]
[Round "4"]
[White "MarioDeMonti"]
[Black "tris77"]
[Result "1/2-1/2"]
[ECO "B12"]
[WhiteElo "2478"]
[BlackElo "2405"]
[WhiteEngine "stockfish_x64_bmi2_2018_01_23_CTG"]
[BlackEngine "stockfish_18012814_x64_modern_CTG"]
[EventType "Swiss"]
[WhiteTeam ""]
[BlackTeam ""]
[PlyCount "94"]
[TimeControl "720+1"]

1. e4 c6 2. d4 d5 3. e5 Bf5 4. Nf3 e6 5. c3 Nd7 6. Be2 f6 7. O-O Qc7 
8. Re1 O-O-O 9. Bd3 Bg4 10. Bf4 fxe5 11. dxe5 Be7 12. Nbd2 g5 13. Bg3 Nc5 
14. Be2 h5 15. h3 Bxf3 16. Nxf3 Ne4 17. Nd4 Nxg3 18. fxg3 Qxe5 19. Bxh5 Qxg3 
20. Qf3 Qxf3 21. Bxf3 Bc5 22. Rxe6 Nh6 23. Rf1 g4 24. hxg4 Rdg8 25. b4 Bxd4+ 
26. cxd4 Nxg4 27. Bd1 Kd7 28. Rfe1 Rh7 29. Bc2 Rhg7 30. Bf5 Kd8 31. Rf1 Re8 
32. Rf3 Rxe6 33. Bxe6 Ke7 34. Bc8 Kd8 35. Be6 Ke7 36. Bf5 Nh6 37. Bc8 Kd8 
38. Be6 Rg6 39. Bh3 Kc7 40. Re3 Rg7 41. Re6 Ng4 42. g3 Kd7 43. Re3 Kd6 
44. Re1 Kc7 45. Re6 Kd7 46. Re2 Kd8 47. Re6 Kd7 1/2-1/2

[Event "Tuesday 30 January Rapid Engine Tour 12+1 Rounds 9 Starts 1600 ST"]
[Site "Infinity Chess"]
[Date "2018.1.30"]
[Round "3"]
[White "Ryzen"]
[Black "star99"]
[Result "1-0"]
[ECO "A50"]
[WhiteElo "2391"]
[BlackElo "2392"]
[WhiteEngine "Houdini 6"]
[BlackEngine "Cryptic AIL V2"]
[EventType "Swiss"]
[WhiteTeam ""]
[BlackTeam ""]
[PlyCount "173"]
[TimeControl "720+1"]

1. d4 Nf6 2. c4 c6 3. Nf3 d5 4. Nc3 e6 5. Bg5 h6 6. Bxf6 Qxf6 7. e3 Qd8 
8. Bd3 Be7 9. O-O O-O 10. Rc1 Nd7 11. Qa4 a6 12. Bb1 g6 13. Qb3 b5 14. c5 a5 
15. e4 b4 16. Nd1 Ba6 17. Re1 Bg5 18. Ne3 h5 19. Nxg5 Qxg5 20. g3 h4 21. f4 Qh6 
22. e5 Kg7 23. Ng2 hxg3 24. Qxg3 Rh8 25. h4 Kf8 26. Bc2 Bb5 27. a3 Ke7 
28. Re3 Bc4 29. Ba4 Rhc8 30. Ra1 Rab8 31. Qf2 Qh7 32. Qd2 Qh6 33. Bd1 Bb5 
34. Rh3 Ra8 35. Ne3 Rh8 36. Ng4 Qf8 37. Qf2 bxa3 38. Raxa3 a4 39. Kh1 Kd8 
40. b3 Kc7 41. bxa4 Bc4 42. Kg2 Qb8 43. Ne3 Ba6 44. Qd2 Kc8 45. Rb3 Qc7 
46. Bc2 Kd8 47. Rb1 Ke7 48. Rbh1 Rag8 49. Kf3 Rh5 50. Kf2 Kf8 51. Bd1 Rh7 
52. Nc2 Ke8 53. a5 Rgh8 54. Ne1 Rg7 55. Nf3 Qa7 56. Ba4 Qb7 57. Ng5 Kf8 
58. Rb3 Qc7 59. Rb6 Nxb6 60. cxb6 Qd8 61. b7 Bxb7 62. Qb4+ Qe7 63. Rb1 Bc8 
64. a6 Qxb4 65. Rxb4 Bxa6 66. Rb8+ Ke7 67. Rxh8 f6 68. Nh7 fxe5 69. fxe5 Bb5 
70. Ng5 Kd7 71. Ra8 Re7 72. Bc2 Re8 73. Rxe8 Kxe8 74. Bxg6+ Kf8 75. Nxe6+ Ke7 
76. h5 Kxe6 77. h6 Kd7 78. h7 c5 79. h8=Q Kc7 80. dxc5 d4 81. Qf8 Bd7 
82. Qd6+ Kc8 83. e6 Bb5 84. c6 Bxc6 85. Qxc6+ Kb8 86. Be4 d3 87. Qb7# 1-0

[Event "Tuesday 30 January Rapid Engine Tour 12+1 Rounds 9 Starts 1600 ST"]
[Site "Infinity Chess"]
[Date "2018.1.30"]
[Round "3"]
[White "Paul"]
[Black "aficionado"]
[Result "1-0 "]
[ECO "D34"]
[WhiteElo "2398"]
[BlackElo "2273"]
[WhiteEngine "Stockfish dev_CTG"]
[BlackEngine "asmFishW_2017-12-20_base_CTG"]
[EventType "Swiss"]
[WhiteTeam ""]
[BlackTeam ""]
[PlyCount "213"]
[TimeControl "720+1"]

1. d4 d5 2. c4 e6 3. Nc3 c5 4. cxd5 exd5 5. Nf3 Nc6 6. g3 Nf6 7. Bg2 Be7 
8. dxc5 d4 9. Na4 O-O 10. O-O Bf5 11. b4 d3 12. e3 Nxb4 13. Rb1 Nc2 14. Ne5 Rb8 
15. g4 Be4 16. Bxe4 Nxe4 17. Nxd3 Qd7 18. f3 Qxa4 19. Rb4 Nc3 20. Rxa4 Nxd1 
21. Rxd1 Rfd8 22. Rc4 Ne1 23. Rxe1 Rxd3 24. Bb2 Rd2 25. Rb1 f6 26. a4 Rc8 
27. Bd4 Rc7 28. f4 Ra2 29. h4 h6 30. Rbc1 Rc6 31. h5 Kf8 32. Kf1 Ke8 
33. R1c3 Kf7 34. Rc2 Rxc2 35. Rxc2 b6 36. Rd2 bxc5 37. Bc3 Ke8 38. Rb2 Rc7 
39. Ke2 Kf7 40. Rb5 c4 41. Rd5 Ke8 42. e4 Rb7 43. Rb5 Rd7 44. Rb8+ Kf7 
45. Rc8 Rd3 46. Rxc4 Rg3 47. Rc7 Ke8 48. Bd2 a5 49. Bxa5 Rxg4 50. Bd2 Bd8 
51. Rb7 g5 52. a5 Bxa5 53. Bxa5 Rxf4 54. Kd3 g4 55. Rh7 Rf3+ 56. Kc4 g3 
57. Rxh6 g2 58. Bb6 Rh3 59. Rxf6 Rxh5 60. Rg6 Re5 61. Kd3 Kd7 62. Rxg2 Re8 
63. Bd4 Ke6 64. e5 Kd5 65. Ra2 Rg8 66. Ra5+ Kc6 67. Ra6+ Kb7 68. Rb6+ Kc7 
69. e6 Rg3+ 70. Ke4 Rg4+ 71. Kf5 Rxd4 72. Rb8 Rd5+ 73. Kf6 Rd6 74. Rb2 Rd1 
75. e7 Rf1+ 76. Ke6 Re1+ 77. Kf7 Rf1+ 78. Ke8 Kc8 79. Rc2+ Kb7 80. Rc5 Kb6 
81. Kd8 Kxc5 82. e8=Q Kd4 83. Qa4+ Ke3 84. Qb3+ Kf2 85. Ke7 Kg2 86. Ke6 Rf3 
87. Qd5 Kf2 88. Qd2+ Kg3 89. Ke5 Rf8 90. Qg5+ Kf3 91. Qh5+ Kg3 92. Ke4 Ra8 
93. Qf7 Ra4+ 94. Ke3 Rg4 95. Qh5 Rb4 96. Qe5+ Kg4 97. Qe6+ Kh5 98. Kf3 Rh4 
99. Qe7 Rg4 100. Qh7+ Kg5 101. Qg7+ Kf5 102. Qxg4+ Kf6 103. Ke4 Ke7 104. Ke5 Kf7 
105. Qg1 Ke8 106. Ke6 Kf8 107. Qg5 1-0

[Event "Tuesday 30 January Rapid Engine Tour 12+1 Rounds 9 Starts 1600 ST"]
[Site "Infinity Chess"]
[Date "2018.1.30"]
[Round "3"]
[White "Vimtiroba"]
[Black "ludimilojko"]
[Result "1-0"]
[ECO "C50"]
[WhiteElo "2451"]
[BlackElo "2299"]
[WhiteEngine "Corchess 2.0a_CTG"]
[BlackEngine "corchess_x64_CTG"]
[EventType "Swiss"]
[WhiteTeam ""]
[BlackTeam ""]
[PlyCount "190"]
[TimeControl "720+1"]

1. e4 e5 2. Nf3 Nc6 3. Bc4 Bc5 4. d3 Nf6 5. O-O d6 6. c3 O-O 7. Re1 a5 8. h3 h6 
9. Nbd2 Be6 10. a4 Bxc4 11. Nxc4 Re8 12. Be3 Bxe3 13. Nxe3 b6 14. Qb3 Qc8 
15. Rad1 Ne7 16. Qc2 Ng6 17. Kh2 Nf4 18. b3 Qb7 19. c4 Ne6 20. Nf5 Nc5 
21. Kg1 Rad8 22. Ng3 g6 23. Ne2 c6 24. Nc3 Qe7 25. d4 exd4 26. Nxd4 Rc8 
27. Qd2 Kh7 28. Re3 Qc7 29. f3 Nh5 30. Qf2 Nf4 31. Nce2 Nxe2+ 32. Rxe2 Qe7 
33. Qe1 Kg7 34. g3 h5 35. h4 Rc7 36. Qc3 Qf6 37. Kg2 Rcc8 38. Rde1 Kh7 
39. Qd2 Qd8 40. Rd1 Qf6 41. Qc2 Kg7 42. Qd2 Kh7 43. Re3 Qe7 44. Kf2 Qf6 
45. Kg2 Qe7 46. Ree1 Red8 47. Qf4 Kg7 48. Qc1 Re8 49. Qd2 Qf6 50. Re3 Kh7 
51. Rde1 Kg8 52. f4 Nd7 53. f5 Ne5 54. R3e2 c5 55. Nb5 Rcd8 56. Nc7 Rf8 
57. Nd5 Qg7 58. Rf1 Kh7 59. Qg5 Qh6 60. Qe7 Kh8 61. Qf6+ Qg7 62. Qg5 f6 
63. Qd2 Rf7 64. fxg6 Qxg6 65. Rf5 Rg8 66. Qf4 Rfg7 67. Kh1 Rf7 68. Nxf6 Rgf8 
69. Rxh5+ Kg7 70. Rg5 Rxf6 71. Qe3 Nf3 72. Rxg6+ Rxg6 73. h5 Rxg3 74. Rg2 Rxg2 
75. Kxg2 Ne5 76. Qg5+ Kf7 77. Qh4 Rg8+ 78. Kf1 Rg1+ 79. Kf2 Rd1 80. Qf4+ Kg8 
81. Kg2 Kh7 82. Qf8 Rd2+ 83. Kf1 Rd1+ 84. Ke2 Rd4 85. h6 Rxe4+ 86. Kf1 Rg4 
87. Qxd6 Rf4+ 88. Ke2 Re4+ 89. Kf2 Ng6 90. Qxb6 Kxh6 91. Qxa5 Ne5 92. Qb6+ Kg5 
93. Qxc5 Kf4 94. Qd6 Kf5 95. a5 Rf4+ 1-0

[Event "Tuesday 30 January Rapid Engine Tour 12+1 Rounds 9 Starts 1600 ST"]
[Site "Infinity Chess"]
[Date "2018.1.30"]
[Round "3"]
[White "Satria_Ungu"]
[Black "Dinkelberger"]
[Result "1/2-1/2"]
[ECO "E41"]
[WhiteElo "2373"]
[BlackElo "2388"]
[WhiteEngine "Houdini 6_CTG"]
[BlackEngine "stockfish_18012814_x64_modern_CTG"]
[EventType "Swiss"]
[WhiteTeam ""]
[BlackTeam ""]
[PlyCount "104"]
[TimeControl "720+1"]

1. d4 Nf6 2. c4 e6 3. Nc3 Bb4 4. e3 c5 5. Bd3 d5 6. Nf3 cxd4 7. exd4 dxc4 
8. Bxc4 O-O 9. O-O b6 10. Bf4 Bb7 11. a3 Bxc3 12. bxc3 Qc8 13. Qe2 Nbd7 
14. Rfc1 Bxf3 15. gxf3 Nh5 16. Bg3 Ndf6 17. Bd3 Nxg3 18. hxg3 Rd8 19. Kg2 Rd5 
20. Be4 Nxe4 21. fxe4 Rd6 22. a4 e5 23. Qf3 a5 24. d5 Qc4 25. Rh1 Re8 
26. Rhe1 Rf8 27. Re3 g6 28. Qe2 Qxe2 29. Rxe2 Rc8 30. Ra3 Kg7 31. Kf3 Rc4 
32. Ke3 f5 33. f3 fxe4 34. fxe4 Rf6 35. Kd3 Rc8 36. Re3 Kh6 37. Ke2 Kh5 
38. Ra1 Kg4 39. Rh1 h5 40. Rd1 Rd8 41. Rb1 g5 42. Rd1 Rd7 43. c4 Rc7 44. d6 Rd7 
45. Red3 Re6 46. Ke3 Kxg3 47. c5 bxc5 48. Rg1+ Kh4 49. Rh1+ Kg4 50. Rg1+ Kh4 
51. Rh1+ Kg4 52. Rg1+ Kh4 1/2-1/2